BlackHawks vs Hurricanes

Created - October-25-12 at 18:10

Goals
1 2 3 T
BlackHawks 0 0 0 0
Hurricanes 0 3 1 4
Shots
1 2 3 T
BlackHawks 3 5 9 17
Hurricanes 1 9 10 20

1st period

No Goal

Penalties :
Daniel Winnik (CAR) for Roughing (Minor) at 4:36, Robyn Regehr (CHI) for Holding (Minor) at 7:16, Chris Campoli (CHI) for Hooking (Minor) at 8:13

2nd period

1. Hurricanes , Duncan Keith 2 (Eric Staal, Joffrey Lupul) at 4:04 (PP)
2. Hurricanes , Daniel Winnik 1 (Patrik Elias, Matt Greene) at 14:19
3. Hurricanes , Patrik Elias 4 (Joffrey Lupul, Matt Greene) at 16:32

Penalties :
Daniel Paille (CHI) for Cross-checking (Minor) at 3:34

3rd period

4. Hurricanes , Jason Chimera 1 (Matt Greene, Anton Volchenkov) at 14:23

Penalties :
Ryan Wilson (CAR) for Hooking (Minor) at 0:47, Jamie McGinn (CHI) for High sticking (Minor) at 0:47, Mark Eaton (CHI) for Hooking (Minor) at 3:07, Chris Campoli (CHI) for Hooking (Minor) at 7:16, Matt Greene (CAR) for High sticking (Minor) at 9:20, Daniel Winnik (CAR) for Holding (Minor) at 15:18, Simon Gagne (CHI) for Hooking (Minor) at 18:20

Goalie Stats

Martin Brodeur (CHI), 16 saves from 20 shots - (0.800), L, 3-4-0, 60:00 minutes
Mike Smith (CAR), 17 saves from 17 shots - (1.000), W, 4-4-0, 60:00 minutes

Players Stats for BlackHawks

Player Name              G  A  P  +/- PIM S  H  SB GA TA FO     MP     PP MP  PK MP  
------------------------------------------------------------------------------------
Anton Babchuk            0  0  0   0  0   0  1  0  0  0  0/0    14:13   0:00   1:43 
Brett Clark              0  0  0  -1  0   0  4  2  0  0  0/0    21:10   2:26   4:33 
Bryan Little             0  0  0  -1  0   3  2  0  0  0  0/0    22:37   2:56   6:08 
Chris Campoli            0  0  0  -1  4   0  3  0  0  0  0/0    19:36   2:26   2:39 
Daniel Paille            0  0  0   0  2   0  1  0  0  0  0/0     4:35   0:00   0:00 
Darren Helm              0  0  0  -1  0   2  3  1  0  0  7/22   20:11   3:01   2:01 
Davis Drewiske           0  0  0   0  0   0  0  0  0  0  0/0     5:51   0:00   1:18 
Jamie McGinn             0  0  0  -1  2   1  3  0  0  0  1/3    17:10   3:01   0:00 
Jay McClement            0  0  0   0  0   0  0  0  0  0  2/4     4:36   0:00   0:00 
Louis Leblanc            0  0  0  -1  0   1  0  0  0  0  0/1    11:42   0:00   0:00 
Mark Eaton               0  0  0   0  2   0  1  1  0  0  0/0    12:58   0:00   0:08 
Mathieu Darche           0  0  0  -1  0   1  1  0  0  0  0/0    12:37   0:00   0:48 
P.K. Subban              0  0  0  -2  0   0  1  1  0  0  0/0    25:51   3:31   4:22 
Robyn Regehr             0  0  0  -2  2   0  1  1  0  0  0/0    20:17   3:31   3:22 
Samuel Pahlsson          0  0  0  -1  0   2  0  0  0  0  5/7    11:42   0:00   0:00 
Simon Gagne              0  0  0  -1  2   0  1  0  0  0  0/0    18:15   2:56   1:48 
Tyler Kennedy            0  0  0  -1  0   2  1  0  0  0  0/0    17:11   3:01   0:00 
Zach Parise              0  0  0  -1  0   5  1  0  0  0  11/32  27:17   2:56   6:19 

Players Stats for Hurricanes

Player Name              G  A  P  +/- PIM S  H  SB GA TA FO     MP     PP MP  PK MP  
------------------------------------------------------------------------------------
Aaron Johnson            0  0  0   0  0   0  0  1  0  0  0/0    17:02   5:13   0:42 
Anton Volchenkov         0  1  1   3  0   1  2  1  0  0  0/0    24:33   3:50   2:10 
Brandon McMillan         0  0  0   1  0   0  0  0  0  0  0/0     8:08   0:00   0:00 
Daniel Winnik            1  0  1   2  4   1  1  0  0  0  1/2    12:26   0:00   0:00 
Darroll Powe             0  0  0   0  0   0  1  0  0  0  1/5    13:04   0:00   3:22 
Duncan Keith             1  0  1   0  0   3  0  0  0  0  0/0    27:10   5:13   1:42 
Eric Staal               0  1  1   0  0   0  0  0  0  0  15/25  20:39   4:20   2:35 
Jarome Iginla            0  0  0   0  0   2  1  0  0  0  0/0    18:27   4:43   0:00 
Jason Chimera            1  0  1   1  0   1  0  0  0  0  0/0     8:08   0:00   0:00 
Jesse Winchester         0  0  0   0  0   0  1  0  0  0  7/9     9:42   0:00   0:00 
Joffrey Lupul            0  2  2   2  0   4  2  0  0  0  1/1    17:46   4:20   0:00 
Matt Cooke               0  0  0   0  0   3  2  1  0  0  0/0    19:38   4:20   2:35 
Matt Greene              0  3  3   3  2   1  3  0  0  0  0/0    21:27   0:00   1:15 
Patrik Elias             1  1  2   2  0   3  0  1  0  0  13/18  21:31   4:43   3:22 
Ryan Wilson              0  0  0   0  2   0  3  2  0  0  0/0    21:13   3:50   2:10 
Shane OBrien             0  0  0   0  0   0  0  1  0  0  0/0     8:03   0:00   3:25 
Sheldon Brookbank        0  0  0   0  0   1  0  0  0  0  0/0    14:55   4:43   0:30 
Warren Peters            0  0  0   1  0   0  0  0  0  0  5/9     8:08   0:00   0:00 

3 Stars

1 - Matt Greene (CAR)
2 - Mike Smith (CAR)
3 - Patrik Elias (CAR)

Power Play

BlackHawks - 0 on 3 Attempt(s) - 0.00%
Hurricanes - 1 on 6 Attempt(s) - 16.67%

Penalty Kill

BlackHawks - 5 on 6 Attempt(s) - 83.33% - Score 0 goal in Penalty Kill
Hurricanes - 3 on 3 Attempt(s) - 100.00% - Score 0 goal in Penalty Kill

Official

Referees : Ghislain Hebert and Francois StLaurent
Linesman : Greg Devorski and Brad Lazarowich

Game Notes

No Game Note

Finance

Level 1 -- Attendance: 5749 (95.82%) -- Ticket Income $517,410
Level 2 -- Attendance: 5000 (100.00%) -- Ticket Income $275,000
Level 3 -- Attendance: 3500 (100.00%) -- Ticket Income $122,500
Level 4 -- Attendance: 3230 (100.00%) -- Ticket Income $61,370
Luxury Box -- Attendance: 985 (98.50%) -- Ticket Income $182,225
Game was played at the PNC Arena
Total Attendance: 18464 (98.58%)
Total Ticket Income: $1,158,505
Other Income: $173,776
Total Income: $1,332,281


% Time on Ice - BlackHawks

Lines # - Real PCT - Wanted PCT - Time Play
Normal Forward
1 - 29% - 40% - 12:33
2 - 33% - 30% - 14:10
3 - 27% - 20% - 11:42
4 - 11% - 10% - 4:36
Normal Defense
1 - 29% - 40% - 12:26
2 - 31% - 30% - 13:32
3 - 29% - 20% - 12:30
4 - 11% - 10% - 4:33
PP Forward
1 - 49% - 60% - 2:56
2 - 51% - 40% - 3:01
PP Defense
1 - 59% - 60% - 3:31
2 - 41% - 40% - 2:26
PK Forward
1 - 77% - 60% - 6:08
2 - 23% - 40% - 1:53
PK Defense
1 - 51% - 60% - 4:04
2 - 49% - 40% - 3:57
PK3 Forward
1 - 100% - 60% - 1:02
2 - 0% - 40% - 0:00
PK3 Defense
1 - 29% - 60% - 0:18
2 - 71% - 40% - 0:44
44 Forward
1 - 50% - 60% - 1:00
2 - 50% - 40% - 0:59
44 Defense
1 - 50% - 60% - 0:59
2 - 50% - 40% - 1:00
Last Minute Offensive  - 0:00
Last Minute Defensive  - 0:00
Total
Forward - 60:00
Defense - 60:00

% Time on Ice - Hurricanes

Lines # - Real PCT - Wanted PCT - Time Play
Normal Forward
1 - 30% - 35% - 12:43
2 - 29% - 35% - 12:28
3 - 23% - 20% - 9:42
4 - 19% - 10% - 8:08
Normal Defense
1 - 35% - 35% - 15:14
2 - 31% - 35% - 13:19
3 - 23% - 20% - 10:00
4 - 10% - 10% - 4:28
PP Forward
1 - 52% - 50% - 4:43
2 - 48% - 50% - 4:20
PP Defense
1 - 42% - 50% - 3:50
2 - 58% - 50% - 5:13
PK Forward
1 - 43% - 50% - 2:35
2 - 57% - 50% - 3:22
PK Defense
1 - 36% - 50% - 2:10
2 - 64% - 50% - 3:47
PK3 Forward
1 - 0% - 60%
2 - 0% - 40%
PK3 Defense
1 - 0% - 50%
2 - 0% - 50%
44 Forward
1 - 49% - 50% - 0:58
2 - 51% - 50% - 1:01
44 Defense
1 - 49% - 50% - 0:58
2 - 51% - 50% - 1:01
Last Minute Offensive  - 0:00
Last Minute Defensive  - 0:00
Total
Forward - 60:00
Defense - 60:00

Play by Play

1st period


0:01 of 1st period - Zach Parise wins face-off versus Eric Staal in neutral zone.
0:01 of 1st period - Bryan Little is hit by Matt Cooke and loses puck.
0:34 of 1st period - Robyn Regehr is hit by Matt Cooke and loses puck.
1:05 of 1st period - Shot by Darren Helm.
1:05 of 1st period - Stopped by Mike Smith with a rebound.
1:35 of 1st period - Shot by Joffrey Lupul.
1:35 of 1st period - Shot Misses the Net.
1:37 of 1st period - Shot by Anton Volchenkov.
1:37 of 1st period - Shot Misses the Net.
1:39 of 1st period - Shot by Anton Volchenkov.
1:39 of 1st period - Stopped by Martin Brodeur without a rebound.
1:40 of 1st period - Jesse Winchester wins face-off versus Samuel Pahlsson in BlackHawks zone.
2:13 of 1st period - Louis Leblanc is hit by Matt Greene and loses puck.
2:21 of 1st period - Off-side.
2:22 of 1st period - Jay McClement wins face-off versus Warren Peters in neutral zone.
3:03 of 1st period - Anton Volchenkov is hit by Daniel Paille and loses puck.
3:11 of 1st period - Icing by Jason Chimera.
3:12 of 1st period - Warren Peters wins face-off versus Darren Helm in Hurricanes zone.
3:12 of 1st period - Warren Peters is hit by Jamie McGinn.
3:17 of 1st period - Brandon McMillan is hit by Chris Campoli and loses puck.
3:46 of 1st period - Shot by Patrik Elias.
3:46 of 1st period - Shot Blocked by Darren Helm.
4:18 of 1st period - Anton Babchuk is hit by Matt Greene and loses puck.
4:22 of 1st period - Icing by Matt Greene.
4:23 of 1st period - Patrik Elias wins face-off versus Zach Parise in Hurricanes zone.
4:30 of 1st period - Bryan Little is hit by Joffrey Lupul and loses puck.
4:36 of 1st period - Minor Penalty to Daniel Winnik for Roughing.
4:37 of 1st period - Zach Parise wins face-off versus Eric Staal in Hurricanes zone.
4:56 of 1st period - Shot by P.K. Subban.
4:56 of 1st period - Shot Misses the Net.
5:39 of 1st period - Duncan Keith is hit by Darren Helm and loses puck.
7:13 of 1st period - Off-side.
7:14 of 1st period - Jesse Winchester wins face-off versus Zach Parise in neutral zone.
7:16 of 1st period - Minor Penalty to Robyn Regehr for Holding.
7:17 of 1st period - Joffrey Lupul wins face-off versus Zach Parise in BlackHawks zone.
8:13 of 1st period - Minor Penalty to Chris Campoli for Hooking.
8:14 of 1st period - Patrik Elias wins face-off versus Zach Parise in BlackHawks zone.
8:14 of 1st period - Patrik Elias is hit by Brett Clark.
9:14 of 1st period - Shot by Eric Staal.
9:14 of 1st period - Shot Misses the Net.
9:16 of 1st period - Shot by Anton Volchenkov.
9:16 of 1st period - Shot Misses the Net.
10:16 of 1st period - Shane OBrien is hit by Darren Helm and loses puck.
10:33 of 1st period - Shot by Tyler Kennedy.
10:33 of 1st period - Stopped by Mike Smith without a rebound.
10:34 of 1st period - Warren Peters wins face-off versus Samuel Pahlsson in Hurricanes zone.
10:55 of 1st period - Shot by Jason Chimera.
10:55 of 1st period - Shot Misses the Net.
13:19 of 1st period - Icing by Anton Babchuk.
13:20 of 1st period - Jesse Winchester wins face-off versus Jamie McGinn in BlackHawks zone.
13:20 of 1st period - Aaron Johnson is hit by Anton Babchuk and loses puck.
14:37 of 1st period - Patrik Elias is hit by Zach Parise and loses puck.
14:42 of 1st period - Shot by Zach Parise.
14:42 of 1st period - Shot Blocked by Ryan Wilson.
14:44 of 1st period - Shot by Simon Gagne.
14:44 of 1st period - Shot Misses the Net.
15:17 of 1st period - Icing by Duncan Keith.
15:18 of 1st period - Darren Helm wins face-off versus Daniel Winnik in Hurricanes zone.
15:30 of 1st period - Duncan Keith is hit by Mark Eaton and loses puck.
16:18 of 1st period - Icing by Mark Eaton.
16:19 of 1st period - Jesse Winchester wins face-off versus Darren Helm in BlackHawks zone.
16:26 of 1st period - Shot by Sheldon Brookbank.
16:26 of 1st period - Shot Misses the Net.
18:37 of 1st period - Shot by Samuel Pahlsson.
18:37 of 1st period - Stopped by Mike Smith without a rebound.
18:38 of 1st period - Jay McClement wins face-off versus Darroll Powe in Hurricanes zone.
18:39 of 1st period - Shot by P.K. Subban.
18:39 of 1st period - Shot Blocked by Aaron Johnson.
19:20 of 1st period - Zach Parise is hit by Anton Volchenkov and loses puck.

2nd period


0:01 of 2nd period - Zach Parise wins face-off versus Eric Staal in neutral zone.
0:07 of 2nd period - Icing by Matt Greene.
0:08 of 2nd period - Eric Staal wins face-off versus Zach Parise in Hurricanes zone.
0:21 of 2nd period - Shot by Jarome Iginla.
0:21 of 2nd period - Shot Misses the Net.
0:41 of 2nd period - Shot by Jarome Iginla.
0:41 of 2nd period - Deflect By Eric Staal.
0:41 of 2nd period - Shot Misses the Net.
0:43 of 2nd period - Shot by Eric Staal.
0:43 of 2nd period - Shot Misses the Net.
0:58 of 2nd period - Icing by P.K. Subban.
0:59 of 2nd period - Patrik Elias wins face-off versus Zach Parise in BlackHawks zone.
2:07 of 2nd period - Icing by Chris Campoli.
2:08 of 2nd period - Eric Staal wins face-off versus Darren Helm in BlackHawks zone.
2:46 of 2nd period - Off-side.
2:47 of 2nd period - Samuel Pahlsson wins face-off versus Darroll Powe in neutral zone.
2:47 of 2nd period - Anton Babchuk is hit by Darroll Powe and loses puck.
3:20 of 2nd period - Mathieu Darche is hit by Ryan Wilson and loses puck.
3:23 of 2nd period - Shot by Louis Leblanc.
3:23 of 2nd period - Shot Blocked by Ryan Wilson.
3:34 of 2nd period - Minor Penalty to Daniel Paille for Cross-checking.
3:35 of 2nd period - Zach Parise wins face-off versus Eric Staal in BlackHawks zone.
3:46 of 2nd period - Shot by Eric Staal.
3:46 of 2nd period - Shot Blocked by Brett Clark.
3:48 of 2nd period - Shot by Eric Staal.
3:48 of 2nd period - Shot Misses the Net.
4:00 of 2nd period - Shot by Duncan Keith.
4:00 of 2nd period - Shot Blocked by Robyn Regehr.
4:02 of 2nd period - Shot by Eric Staal.
4:02 of 2nd period - Shot Misses the Net.
4:04 of 2nd period - Shot by Duncan Keith.
4:04 of 2nd period - Goal by Duncan Keith - BlackHawks : 0 - Hurricanes : 1.
4:05 of 2nd period - Warren Peters wins face-off versus Darren Helm in neutral zone.
4:54 of 2nd period - Anton Volchenkov is hit by Chris Campoli and loses puck.
5:05 of 2nd period - Shot by Jarome Iginla.
5:05 of 2nd period - Stopped by Martin Brodeur without a rebound.
5:06 of 2nd period - Eric Staal wins face-off versus Zach Parise in BlackHawks zone.
6:30 of 2nd period - Shot by Samuel Pahlsson.
6:30 of 2nd period - Stopped by Mike Smith without a rebound.
6:31 of 2nd period - Jesse Winchester wins face-off versus Darren Helm in Hurricanes zone.
7:43 of 2nd period - Shot by Eric Staal.
7:43 of 2nd period - Shot Blocked by Brett Clark.
7:58 of 2nd period - Icing by Shane OBrien.
7:59 of 2nd period - Patrik Elias wins face-off versus Zach Parise in Hurricanes zone.
7:59 of 2nd period - Patrik Elias is hit by Bryan Little.
8:09 of 2nd period - Icing by Mark Eaton.
8:10 of 2nd period - Zach Parise wins face-off versus Jesse Winchester in BlackHawks zone.
9:32 of 2nd period - Off-side.
9:33 of 2nd period - Patrik Elias wins face-off versus Darren Helm in neutral zone.
10:18 of 2nd period - Icing by P.K. Subban.
10:19 of 2nd period - Darren Helm wins face-off versus Eric Staal in BlackHawks zone.
11:15 of 2nd period - Shot by Sheldon Brookbank.
11:15 of 2nd period - Shot Misses the Net.
11:52 of 2nd period - P.K. Subban is hit by Jesse Winchester and loses puck.
12:03 of 2nd period - Shot by Zach Parise.
12:03 of 2nd period - Stopped by Mike Smith without a rebound.
12:04 of 2nd period - Jamie McGinn wins face-off versus Patrik Elias in Hurricanes zone.
12:07 of 2nd period - Shot by Tyler Kennedy.
12:07 of 2nd period - Shot Hit the Post.
12:09 of 2nd period - Shot by Jamie McGinn.
12:09 of 2nd period - Stopped by Mike Smith without a rebound.
12:10 of 2nd period - Daniel Winnik wins face-off versus Zach Parise in Hurricanes zone.
12:42 of 2nd period - Shot by Patrik Elias.
12:42 of 2nd period - Deflect By Joffrey Lupul.
12:42 of 2nd period - Stopped by Martin Brodeur without a rebound.
12:43 of 2nd period - Eric Staal wins face-off versus Darren Helm in BlackHawks zone.
12:52 of 2nd period - Shot by Eric Staal.
12:52 of 2nd period - Shot Blocked by Mark Eaton.
12:54 of 2nd period - Shot by Duncan Keith.
12:54 of 2nd period - Shot Misses the Net.
12:56 of 2nd period - Shot by Duncan Keith.
12:56 of 2nd period - Stopped by Martin Brodeur without a rebound.
12:57 of 2nd period - Jesse Winchester wins face-off versus Jay McClement in BlackHawks zone.
13:16 of 2nd period - Shot by Sheldon Brookbank.
13:16 of 2nd period - Stopped by Martin Brodeur without a rebound.
13:17 of 2nd period - Darren Helm wins face-off versus Patrik Elias in BlackHawks zone.
13:27 of 2nd period - Tyler Kennedy is hit by Anton Volchenkov and loses puck.
13:36 of 2nd period - Shot by Daniel Winnik.
13:36 of 2nd period - Shot Misses the Net.
13:40 of 2nd period - Shot by Patrik Elias.
13:40 of 2nd period - Stopped by Martin Brodeur without a rebound.
13:41 of 2nd period - Eric Staal wins face-off versus Zach Parise in BlackHawks zone.
13:58 of 2nd period - Shot by Zach Parise.
13:58 of 2nd period - Shot Hit the Post.
14:00 of 2nd period - Shot by Bryan Little.
14:00 of 2nd period - Deflect By Zach Parise.
14:00 of 2nd period - Stopped by Mike Smith without a rebound.
14:01 of 2nd period - Patrik Elias wins face-off versus Darren Helm in Hurricanes zone.
14:17 of 2nd period - Shot by Patrik Elias.
14:17 of 2nd period - Shot Misses the Net.
14:19 of 2nd period - Shot by Daniel Winnik.
14:19 of 2nd period - Goal by Daniel Winnik - BlackHawks : 0 - Hurricanes : 2.
14:20 of 2nd period - Zach Parise wins face-off versus Eric Staal in neutral zone.
14:36 of 2nd period - Icing by Duncan Keith.
14:37 of 2nd period - Eric Staal wins face-off versus Darren Helm in Hurricanes zone.
14:37 of 2nd period - Ryan Wilson is hit by Tyler Kennedy and loses puck.
15:03 of 2nd period - Off-side.
15:04 of 2nd period - Zach Parise wins face-off versus Patrik Elias in neutral zone.
15:07 of 2nd period - Shot by Bryan Little.
15:07 of 2nd period - Shot Misses the Net.
15:16 of 2nd period - Icing by Matt Greene.
15:17 of 2nd period - Samuel Pahlsson wins face-off versus Patrik Elias in Hurricanes zone.
15:30 of 2nd period - Shot by Joffrey Lupul.
15:30 of 2nd period - Stopped by Martin Brodeur without a rebound.
15:31 of 2nd period - Eric Staal wins face-off versus Zach Parise in BlackHawks zone.
16:32 of 2nd period - Shot by Patrik Elias.
16:32 of 2nd period - Goal by Patrik Elias - BlackHawks : 0 - Hurricanes : 3.
16:33 of 2nd period - Jesse Winchester wins face-off versus Darren Helm in neutral zone.
16:37 of 2nd period - Anton Volchenkov is hit by Robyn Regehr.
16:47 of 2nd period - Matt Greene is hit by Jamie McGinn and loses puck.
17:19 of 2nd period - Anton Volchenkov is hit by P.K. Subban and loses puck.
18:41 of 2nd period - Shot by Zach Parise.
18:41 of 2nd period - Stopped by Mike Smith without a rebound.
18:42 of 2nd period - Patrik Elias wins face-off versus Zach Parise in Hurricanes zone.
18:59 of 2nd period - Shot by Patrik Elias.
18:59 of 2nd period - Shot Misses the Net.
19:06 of 2nd period - P.K. Subban is hit by Daniel Winnik and loses puck.
19:56 of 2nd period - Icing by Darren Helm.
19:57 of 2nd period - Eric Staal wins face-off versus Darren Helm in BlackHawks zone.

3rd period


0:01 of 3rd period - Zach Parise wins face-off versus Eric Staal in neutral zone.
0:10 of 3rd period - Shot by Bryan Little.
0:10 of 3rd period - Stopped by Mike Smith without a rebound.
0:11 of 3rd period - Darren Helm wins face-off versus Patrik Elias in Hurricanes zone.
0:30 of 3rd period - Darren Helm is hit by Ryan Wilson.
0:47 of 3rd period - Minor Penalty to Ryan Wilson for Hooking.
0:47 of 3rd period - Minor Penalty to Jamie McGinn for High sticking.
0:48 of 3rd period - Eric Staal wins face-off versus Zach Parise in Hurricanes zone.
1:17 of 3rd period - Eric Staal is hit by Chris Campoli and loses puck.
1:29 of 3rd period - Jarome Iginla is hit by Bryan Little.
1:50 of 3rd period - Icing by Joffrey Lupul.
1:51 of 3rd period - Patrik Elias wins face-off versus Darren Helm in Hurricanes zone.
1:56 of 3rd period - Darren Helm is hit by Joffrey Lupul and loses puck.
2:01 of 3rd period - Shot by Patrik Elias.
2:01 of 3rd period - Stopped by Martin Brodeur with a rebound.
2:17 of 3rd period - Shot by Joffrey Lupul.
2:17 of 3rd period - Deflect By Patrik Elias.
2:17 of 3rd period - Shot Misses the Net.
2:52 of 3rd period - Icing by Matt Greene.
2:53 of 3rd period - Samuel Pahlsson wins face-off versus Jesse Winchester in Hurricanes zone.
3:00 of 3rd period - Shot by Louis Leblanc.
3:00 of 3rd period - Stopped by Mike Smith without a rebound.
3:01 of 3rd period - Eric Staal wins face-off versus Jay McClement in Hurricanes zone.
3:07 of 3rd period - Minor Penalty to Mark Eaton for Hooking.
3:08 of 3rd period - Patrik Elias wins face-off versus Zach Parise in BlackHawks zone.
3:21 of 3rd period - Shot by Bryan Little.
3:21 of 3rd period - Stopped by Mike Smith with a rebound.
3:32 of 3rd period - Duncan Keith is hit by Brett Clark and loses puck.
5:14 of 3rd period - Icing by Mark Eaton.
5:15 of 3rd period - Samuel Pahlsson wins face-off versus Warren Peters in BlackHawks zone.
5:51 of 3rd period - Shot by Mark Eaton.
5:51 of 3rd period - Shot Misses the Net.
5:53 of 3rd period - Shot by Mathieu Darche.
5:53 of 3rd period - Stopped by Mike Smith with a rebound.
5:55 of 3rd period - Shot by Mathieu Darche.
5:55 of 3rd period - Shot Misses the Net.
6:07 of 3rd period - Shot by Darren Helm.
6:07 of 3rd period - Stopped by Mike Smith without a rebound.
6:08 of 3rd period - Eric Staal wins face-off versus Zach Parise in Hurricanes zone.
6:08 of 3rd period - Duncan Keith is hit by Simon Gagne and loses puck.
6:17 of 3rd period - Shot by Simon Gagne.
6:17 of 3rd period - Shot Blocked by Matt Cooke.
6:19 of 3rd period - Shot by Zach Parise.
6:19 of 3rd period - Shot Misses the Net.
6:39 of 3rd period - Shot by Bryan Little.
6:39 of 3rd period - Stopped by Mike Smith without a rebound.
6:40 of 3rd period - Patrik Elias wins face-off versus Jamie McGinn in Hurricanes zone.
6:52 of 3rd period - Patrik Elias is hit by Brett Clark and loses puck.
7:09 of 3rd period - Shot by Joffrey Lupul.
7:09 of 3rd period - Shot Misses the Net.
7:16 of 3rd period - Minor Penalty to Chris Campoli for Hooking.
7:17 of 3rd period - Patrik Elias wins face-off versus Zach Parise in BlackHawks zone.
7:48 of 3rd period - Shot by Patrik Elias.
7:48 of 3rd period - Deflect By Jarome Iginla.
7:48 of 3rd period - Stopped by Martin Brodeur with a rebound.
7:50 of 3rd period - Shot by Duncan Keith.
7:50 of 3rd period - Shot Blocked by P.K. Subban.
8:16 of 3rd period - Shot by Matt Cooke.
8:16 of 3rd period - Stopped by Martin Brodeur without a rebound.
8:17 of 3rd period - Eric Staal wins face-off versus Zach Parise in BlackHawks zone.
8:22 of 3rd period - Shot by Eric Staal.
8:22 of 3rd period - Deflect By Joffrey Lupul.
8:22 of 3rd period - Stopped by Martin Brodeur with a rebound.
8:51 of 3rd period - Icing by Joffrey Lupul.
8:52 of 3rd period - Eric Staal wins face-off versus Zach Parise in Hurricanes zone.
9:20 of 3rd period - Minor Penalty to Matt Greene for High sticking.
9:21 of 3rd period - Darroll Powe wins face-off versus Darren Helm in Hurricanes zone.
9:21 of 3rd period - Darroll Powe is hit by Darren Helm.
9:41 of 3rd period - Shot by Darren Helm.
9:41 of 3rd period - Shot Blocked by Patrik Elias.
9:43 of 3rd period - Shot by P.K. Subban.
9:43 of 3rd period - Shot Misses the Net.
11:11 of 3rd period - Shot by Tyler Kennedy.
11:11 of 3rd period - Shot Misses the Net.
12:35 of 3rd period - Shot by Matt Greene.
12:35 of 3rd period - Stopped by Martin Brodeur with a rebound.
12:37 of 3rd period - Shot by Anton Volchenkov.
12:37 of 3rd period - Shot Misses the Net.
13:51 of 3rd period - Shot by Tyler Kennedy.
13:51 of 3rd period - Stopped by Mike Smith without a rebound.
13:52 of 3rd period - Samuel Pahlsson wins face-off versus Warren Peters in Hurricanes zone.
14:17 of 3rd period - Shot by Jason Chimera.
14:17 of 3rd period - Shot Misses the Net.
14:23 of 3rd period - Shot by Jason Chimera.
14:23 of 3rd period - Goal by Jason Chimera - BlackHawks : 0 - Hurricanes : 4.
14:24 of 3rd period - Darren Helm wins face-off versus Eric Staal in neutral zone.
14:30 of 3rd period - Icing by Duncan Keith.
14:31 of 3rd period - Eric Staal wins face-off versus Darren Helm in Hurricanes zone.
14:36 of 3rd period - Darren Helm is hit by Jarome Iginla and loses puck.
14:53 of 3rd period - Shot by Jarome Iginla.
14:53 of 3rd period - Deflect By Matt Cooke.
14:53 of 3rd period - Stopped by Martin Brodeur with a rebound.
15:18 of 3rd period - Minor Penalty to Daniel Winnik for Holding.
15:19 of 3rd period - Zach Parise wins face-off versus Darroll Powe in Hurricanes zone.
15:51 of 3rd period - Shot by Zach Parise.
15:51 of 3rd period - Shot Blocked by Shane OBrien.
15:53 of 3rd period - Shot by Zach Parise.
15:53 of 3rd period - Stopped by Mike Smith without a rebound.
15:54 of 3rd period - Darren Helm wins face-off versus Eric Staal in Hurricanes zone.
16:42 of 3rd period - Shot by Zach Parise.
16:42 of 3rd period - Stopped by Mike Smith without a rebound.
16:43 of 3rd period - Zach Parise wins face-off versus Darroll Powe in Hurricanes zone.
16:43 of 3rd period - Zach Parise is hit by Matt Greene.
17:29 of 3rd period - Shot by Samuel Pahlsson.
17:29 of 3rd period - Shot Blocked by Anton Volchenkov.
17:32 of 3rd period - Icing by Duncan Keith.
17:33 of 3rd period - Warren Peters wins face-off versus Darren Helm in Hurricanes zone.
17:33 of 3rd period - Jason Chimera is hit by Jamie McGinn and loses puck.
17:37 of 3rd period - Icing by Brandon McMillan.
17:38 of 3rd period - Warren Peters wins face-off versus Louis Leblanc in Hurricanes zone.
17:57 of 3rd period - Anton Volchenkov is hit by Mathieu Darche and loses puck.
18:05 of 3rd period - Icing by Anton Volchenkov.
18:06 of 3rd period - Zach Parise wins face-off versus Warren Peters in Hurricanes zone.
18:17 of 3rd period - Shot by Bryan Little.
18:17 of 3rd period - Shot Misses the Net.
18:20 of 3rd period - Minor Penalty to Simon Gagne for Hooking.
18:21 of 3rd period - Patrik Elias wins face-off versus Zach Parise in BlackHawks zone.
18:44 of 3rd period - Shot by Patrik Elias.
18:44 of 3rd period - Shot Misses the Net.
18:46 of 3rd period - Shot by Duncan Keith.
18:46 of 3rd period - Stopped by Martin Brodeur without a rebound.
18:47 of 3rd period - Eric Staal wins face-off versus Zach Parise in BlackHawks zone.
18:58 of 3rd period - Shot by Ryan Wilson.
18:58 of 3rd period - Shot Misses the Net.
19:00 of 3rd period - Shot by Matt Cooke.
19:00 of 3rd period - Stopped by Martin Brodeur with a rebound.
19:02 of 3rd period - Shot by Joffrey Lupul.
19:02 of 3rd period - Stopped by Martin Brodeur without a rebound.
19:03 of 3rd period - Patrik Elias wins face-off versus Zach Parise in BlackHawks zone.
19:45 of 3rd period - Jarome Iginla is hit by Brett Clark and loses puck.
19:57 of 3rd period - Icing by Anton Volchenkov.
19:58 of 3rd period - Darren Helm wins face-off versus Eric Staal in Hurricanes zone.
19:58 of 3rd period - Darren Helm is hit by Ryan Wilson.


Output by the SimonT Hockey Simulator (STHS) for Stephane Roy -- Original Page W3C XHTML 1.0 Valid
Hockey Simulator - Hockey Simulation - Hockey Manager